 Dungeon Crawl Stone Soup version 0.28-a0-21-gf74fda84f9 (webtiles) character file.

Game seed: 17919484391448437865

174 robertstho the Skirmisher (level 5, 0/41 (42) HPs)
             Began as a Demonspawn Abyssal Knight on July 26, 2021.
             Was a Believer of Lugonu.
             Slain by a necrophage (2 damage)
             ... on level 5 of the Dungeon.
             The game lasted 00:05:17 (3725 turns).

robertstho the Skirmisher (DsAK)                    Turns: 3725, Time: 00:05:18

HP:   0/41 (42)     AC:  5    Str: 13    XL:     5   Next: 28%
MP:   7/7           EV: 10    Int: 13    God:    Lugonu [**....]
Gold: 166           SH:  0    Dex: 13    Spells: 4/4 levels left

rFire   . . .      SeeInvis .   a - +1 hand axe
rCold   . . .      Faith    .   (no shield)
rNeg    . . .      Spirit   .   d - +0 ring mail
rPois   .          Reflect  .   (helmet restricted)
rElec   .          Harm     .   (no cloak)
rCorr   +          Rampage  .   (no gloves)
Will    .....                   (no boots)
Stlth   +.........              (no amulet)
HPRegen 0.13/turn               e - ring of resist corrosion
MPRegen 0.10/turn               (no ring)

@: lightly drained
A: horns 1, powered by pain 1
a: Renounce Religion, Depart the Abyss, Bend Space


You were on level 5 of the Dungeon.
You worshipped Lugonu.
Lugonu was pleased with you.
You visited 1 branch of the dungeon, and saw 5 of its levels.
You visited the Abyss 1 time.

You collected 166 gold pieces.

Inventory:

Hand Weapons
 a - a +1 hand axe (weapon)
Missiles
 h - 7 boomerangs of dispersal
Armour
 d - a +0 ring mail (worn)
Jewellery
 e - a ring of resist corrosion (left hand)
Scrolls
 i - a scroll of fog {unknown}
Potions
 b - a potion of heal wounds {unknown}
 c - a potion of flight {unknown}
 g - a potion of invisibility {unknown}


   Skills:
 * Level 4.0 Fighting
 + Level 3.1 Axes
 * Level 2.9 Armour
 + Level 1.4 Dodging
 + Level 0.3 Stealth
 * Level 3.1 Invocations


You had 4 spell levels left.
You didn't know any spells.
Your spell library contained the following spells:

 Spells                   Type           Power      Damage    Failure   Level
 Freeze                   Ice            0%         1d3       54%         1
 Dazzling Flash           Conj/Hex       0%         N/A       88%         3
 Frozen Ramparts          Ice            0%         1d2       88%         3
 Hailstorm                Conj/Ice       0%         3d3       99%         4
 Iskenderun's Mystic Bla  Conj/Tloc      0%         2d3       99%         4
 Starburst                Conj/Fire      0%         8x6d3     100%        6


Dungeon Overview and Level Annotations

Branches:
Dungeon (5/15)
 Temple: D:4-7

Altars:
Dithmenos
Ru

Annotations:
D:4 Eustachio


Innate Abilities, Weirdness & Mutations

You have a pair of small horns on your head.
You sometimes gain a little power by taking damage.


Message History

The bat hits you but does no damage.
There is a stone staircase leading down here.
The bat hits you but does no damage. x2
You climb downwards.
An orc, an orc priest and a necrophage come into view.
The orc shouts!
You hear a shout! x2
Found 12 gold pieces.
Found a stone staircase leading up.
There is a stone staircase leading up here.
A shadow imp comes into view.
The shadow imp shouts!
The shadow imp moves out of view.
Found a stone staircase leading down.
The orc priest casts a cantrip, but nothing happens.
The shadow imp shouts, "Get thee gone, thou odious guts-griping pustule!"
The shadow imp closely misses you.
You hit the shadow imp.
The shadow imp is heavily wounded.
The orc priest invokes the aid of Beogh against you.
You barely resist.
The shadow imp hits you but does no damage.
You closely miss the shadow imp.
The shadow imp is heavily wounded.
You closely miss the necrophage.
The necrophage hits you but does no damage.
The shadow imp hits you but does no damage.
You slash the shadow imp!
You kill the shadow imp!
Lugonu accepts your kill.
You hit the necrophage. The necrophage hits you.
* * * LOW HITPOINT WARNING * * *
Your Fighting skill increases to level 4!
An orc comes into view. It is wielding a +0 dagger.
The orc shouts!
You hear a bark!
The necrophage hits you.
* * * LOW HITPOINT WARNING * * *
There is a stone staircase leading down here.
The necrophage hits you.
* * * LOW HITPOINT WARNING * * *
You feel drained.
You die...

#.# #.....###...#
###.###...........+
#......o..........#
#.#.#####.#.#....#
#...o....o# ...
#o#####.#.$o...#
#o# ...#.#......
#n###.###.#o.....
#@...o..... .....
#.#####.### .....
#.. <... #### #...


You could see a necrophage, an orc priest and 2 orcs.

Vanquished Creatures
  A howler monkey (D:4)
  An orc priest (D:3)
  5 adders
  A shadow imp (D:5)
  A worm (D:2)
  A dart slug (D:2)
  4 orcs
  5 bats (D:2)
  5 endoplasms
  2 giant cockroaches
  4 goblins
  5 hobgoblins
  4 quokkas
  A ball python (D:4)
  A frilled lizard (D:2)
  A kobold (D:1)
  5 rats
47 creatures vanquished.

Vanquished Creatures (others)
  15 plants (D:2)
15 creatures vanquished.

Grand Total: 62 creatures vanquished

Notes
Turn   | Place    | Note
-------+----------+-------------------------------------------
     0 | Abyss:1  | robertstho the Demonspawn Abyssal Knight began the quest
                  | for the Orb.
     0 | Abyss:1  | Reached XP level 1. HP: 18/18 MP: 2/2
    28 | Abyss:1  | Noticed an iron imp
   102 | Abyss:1  | Noticed a small abomination
   103 | D:1      | Escaped the Abyss
   251 | D:1      | Reached skill level 1 in Dodging
   837 | D:2      | Reached * piety under Lugonu
   838 | D:2      | Gained mutation: You have a pair of small horns on your
                  | head. [demonic ancestry]
   838 | D:2      | Reached XP level 2. HP: 24/24 MP: 3/3
  1183 | D:2      | Reached XP level 3. HP: 28/29 MP: 4/4
  1911 | D:2      | Gained mutation: You sometimes gain a little power by
                  | taking damage. [demonic ancestry]
  1911 | D:2      | Reached XP level 4. HP: 36/36 MP: 6/6
  2133 | D:3      | Found a shadowy altar of Dithmenos.
  2140 | D:3      | Found a sacrificial altar of Ru.
  2345 | D:3      | Reached ** piety under Lugonu
  2659 | D:3      | Found a faded altar of an unknown god.
  3566 | D:4      | Reached XP level 5. HP: 33/42 MP: 7/7
  3691 | D:4      | Noticed Eustachio
  3707 | D:5      | Entered Level 5 of the Dungeon
  3707 | D:5      | Noticed a necrophage
  3722 | D:5      | Reached skill level 4 in Fighting
  3725 | D:5      | HP: 2/42 [necrophage (4)]
  3725 | D:5      | Slain by a necrophage

Illustrated notes

Levels and vault maps discovered:
D:1:      saegor_arrival_simple_d, layout_loops_cross, minmay_misc_feat_cross
D:2:      layout_loops_ring, serial_aquarium, aquarium_bridge_long_joined
          [aquarium_subvault_bridge, aquarium_subvault_bridge,
          aquarium_subvault_wall, aquarium_subvault_wall,
          aquarium_subvault_bridge, aquarium_subvault_balcony],
          aquarium_window_corner, aquarium_window_2, aquarium_view_2a,
          aquarium_balcony_1b, serial_bayou_pond_c, serial_bayou_pond_a,
          minmay_tetromino_i2
D:3:      layout_basic, mainiacjoe_overflow_catwalk_spiral,
          hellmonk_ecumenical_altar_leap_of_faith, kennysheep_generic_room_12
D:4:      layout_loops_ring, nicolae_qazlal_eye_of_the_storm,
          kennysheep_generic_room_3, uniq_eustachio
D:5:      layout_basic, minmay_temple_entry_antechambers, serial_shops,
          nicolae_diamond_shop, nicolae_shop_crystal, nicolae_diamond_shop,
          kennysheep_mini, kennysheep_generic_room_7, uniq_blork_the_orc,
          uniq_duvessa

Skill      XL: |  1  2  3  4  5 |
---------------+----------------+-----
Dodging        | 1 |  1.4
Axes           | 2 3 |  3.1
Armour         | 2 |  2.9
Invocations    | 3 |  3.1
Fighting       | 4 |  4.0
Stealth        | |  0.3

Action                   |  1- 3 |  4- 6 || total
-------------------------+-------+-------++-------
Melee: Hand axe          |   104 |    50 ||   154
       Headbutt          |    11 |     6 ||    17
Invok: Depart the Abyss  |     1 |       ||     1
  Use: Scroll            |     1 |     3 ||     4
Armor: Leather armour    |     7 |       ||     7
       Ring mail         |    37 |    22 ||    59
Dodge: Dodged            |    68 |    26 ||    94

Table legend: (Time is in decaauts)
 A = Elapsed time spent in this place.
 B = Non-inter-level travel time spent in this place.
 C = Inter-level travel time spent in this place.
 D = Time resting spent in this place.
 E = Time spent auto-exploring this place.
 F = Levels seen in this place.
 G = Mean time per level.
                   A        B        C        D        E       F      G
               +--------+--------+--------+--------+--------+-----+--------+
         Total |   3752 |   3681 |     71 |    233 |   2940 |   6 |  625.3 |
       Dungeon |   3648 |   3577 |     71 |    233 |   2870 |   5 |  729.6 |
         Abyss |    104 |    104 |      0 |      0 |     70 |   1 |  104.0 |
               +--------+--------+--------+--------+--------+-----+--------+

Top non-repeatable levels by time:
     D:2: 1492 daAuts
     D:3: 1260 daAuts
     D:1: 479 daAuts
     D:4: 397 daAuts
 Abyss:1: 104 daAuts
     D:5: 18 daAuts
